 Dungeon Crawl Stone Soup version 0.24.0-41-g2ae2f7f1be (webtiles) character file.

Game seed: 4880519078515685820, levelgen mode: deterministic

35 Descartes the Ducker (level 3, 0/17 HPs)
             Began as a Felid Monk on Dec 11, 2019.
             Slain by Terence
             ... wielding a +4 mace of draining
              (7 damage)
             ... on level 2 of the Dungeon.
             The game lasted 00:04:48 (2922 turns).

Descartes the Ducker (Felid Monk)                   Turns: 2922, Time: 00:04:49

Health: 0/17       AC:  1    Str:  8    XL:     3   Next: 17%
Magic:  4/4        EV: 20    Int: 14    God:
Gold:   91         SH:  0    Dex: 18    Spells: 2/2 levels left
                                        Lives:  0   Deaths: 1

rFire    . . .     SeeInvis +     - Unarmed
rCold    . . .     Gourm    .   (shield unavailable)
rNeg     . . .     Faith    .   (armour unavailable)
rPois    .         Spirit   .   (helmet unavailable)
rElec    .         Reflect  .   (cloak unavailable)
rCorr    .         Harm     .   (gloves unavailable)
MR       .....                  (boots unavailable)
Stlth    +++.......             (no amulet)
HPRegen  0.05/turn              c - +3 ring of intelligence
MPRegen  0.09/turn              (no ring)

@: lightly drained, quick
A: very small, no armour, no weapons or thrown items, stealth, claws 1, fangs 3,
see invisible, carnivore, speed 1, shaggy fur 1, slow metabolism 1, sharp paws
a: no special abilities


You were on level 2 of the Dungeon.
You were not hungry.

You visited 1 branch of the dungeon, and saw 2 of its levels.

You collected 91 gold pieces.

Inventory:

Missiles
 k - 99 stones
 l - 17 arrows
Jewellery
 c - a +3 ring of intelligence (left paw)
Scrolls
 e - a scroll of identify
 f - a scroll of enchant weapon {unknown}
 h - a scroll of fog
 i - a scroll of amnesia {unknown}
Potions
 b - 2 potions of heal wounds
 d - a potion of agility
 g - a potion of flight {unknown}
Comestibles
 a - 6 rations


   Skills:
 + Level 3.4(3.1) Fighting
 + Level 4.7(4.3) Dodging
 + Level 3.7(3.4) Stealth
 * Level 3.9(3.6) Unarmed Combat


You had 2 spell levels left.
You didn't know any spells.
Your spell library was empty.

Dungeon Overview and Level Annotations

Branches:
Dungeon (2/15)

Altars:
Uskayaw

Annotations:
D:2 1 runed translucent door, Crazy Yiuf, Terence


Innate Abilities, Weirdness & Mutations

You cannot wear armour.
You are incapable of wielding weapons or throwing items.
Your paws allow you to move quietly. (Stealth)
You have sharp claws.
You have razor-sharp teeth.
You have supernaturally acute eyesight. (SInv)
You are carnivorous and can eat meat at any time.
You cover ground quickly.
You are covered in fur. (AC +1)
You have a slow metabolism.
Your sharp claws are effective at attacking unaware monsters.


Message History

Terence is moderately wounded.
Terence misses you.
You scratch Terence but do no damage. You claw Terence.
Terence is moderately wounded.
You closely miss Terence. Your bite misses Terence.
Terence is moderately wounded.
Terence barely misses you.
You scratch Terence.
Terence is heavily wounded.
Terence hits you with a +4 mace of draining!
You feel drained.
You scratch Terence but do no damage.
Terence is heavily wounded.
Terence completely misses you.
You scratch Terence.
Terence is heavily wounded.
You scratch Terence but do no damage.
Terence is heavily wounded.
Terence hits you with a +4 mace of draining!
You die...

.###.## #.#
#.##....รท....# [#...#
#.##########.############
##..[# #.........>#.#
.....# ##########.#.#
w###.# #.#.#
.###.######## #.#.#
............######.#.#
####.######.##.....#.##
#.# #....@@.)...# #.#
##.#.######.#
#.#######.#.# #.#
#.........#.# #.# #######
###########.# #.# #......
#.# #.# #.##### #.# #.#
#.# #.######.#####.#####
####.#.................


You could see Terence.

Vanquished Creatures
  2 adders (D:2)
  4 worms (D:2)
  2 dart slugs (D:1)
  A leopard gecko (D:2)
  6 giant cockroaches
  6 goblins
  5 hobgoblins
  A quokka (D:2)
  4 bats
  2 frilled lizards
  6 kobolds
  6 rats
45 creatures vanquished.

Notes
Turn   | Place    | Note
-------+----------+-------------------------------------------
     0 | D:1      | Descartes the Felid Monk began the quest for the Orb.
     0 | D:1      | Reached XP level 1. HP: 10/10 MP: 2/2
   165 | D:1      | Reached XP level 2. HP: 5/14 MP: 3/3
  1208 | D:2      | Found a hide-covered altar of Uskayaw.
  1208 | D:2      | Noticed a +0 dagger
  1208 | D:2      | Noticed a +0 dagger
  1215 | D:2      | Reached XP level 3. HP: 17/17 MP: 4/4
  1579 | D:2      | Found a faded altar of an unknown god.
  2111 | D:2      | Reached XP level 4. HP: 21/21 MP: 5/5
  2139 | D:2      | Noticed Terence
  2744 | D:2      | Found a runed translucent door.
  2745 | D:2      | Noticed Crazy Yiuf
  2854 | D:2      | Slain by Terence
  2855 | D:2      | Reached XP level 3. HP: -1/17 MP: 4/4
  2922 | D:2      | Slain by Terence

Levels and vault maps discovered:
D:1:      dpeg_arrival_stone_temple_mockup, layout_basic, corner_web_ring,
          minmay_tetromino_o2
D:2:      layout_loops_ring, dancing_weapons_uskayaw,
          chequers_ecumenical_altar_simple_redux, first_ration,
          minmay_quantized, uniq_crazy_yiuf_cottage, uniq_terence

Skill      XL: |  1 |
---------------+----+-----
Stealth        | 3 |  3.7
Fighting       | |  3.4
Dodging        | |  4.7
Unarmed Combat | |  3.9

Action                   |  1- 3 |  4- 6 || total
-------------------------+-------+-------++-------
Melee: Unarmed           |   144 |    22 ||   166
       Bite              |    11 |     3 ||    14
       Punch             |     1 |       ||     1
  Use: Scroll            |     5 |       ||     5
 Stab: Sleeping          |    11 |       ||    11
  Eat: Chunk             |    10 |     1 ||    11
Dodge: Dodged            |   105 |     8 ||   113
